 Dungeon Crawl Stone Soup version 0.29.1-12-g30fa7ad0bf (webtiles) character file.

Game seed: 18434194279501988192

13 croobank the Magician (level 2, -1/15 HPs)
             Began as a Deep Elf Air Elementalist on Jan 12, 2023.
             Killed by their own static electricity (2 damage)
             ... on level 1 of the Dungeon.
             The game lasted 00:02:39 (1175 turns).

croobank the Magician (Deep Elf Air Elementalist)   Turns: 1175, Time: 00:02:39

Health: -1/15      AC:  2    Str:  5    XL:     2   Next: 24%
Magic:  4/8        EV: 12    Int: 19    God:
Gold:   25         SH:  0    Dex: 15    Spells: 4/7 levels left

rFire   . . .      SeeInvis .   e - +0 dagger
rCold   . . .      Faith    .   (no shield)
rNeg    . . .      Spirit   .   a - +0 robe
rPois   .          Reflect  .   (no helmet)
rElec   .          Harm     .   (no cloak)
rCorr   .          Rampage  .   (no gloves)
Will    .....                   (no boots)
Stlth   ++........              (no amulet)
HPRegen 0.05/turn               (no ring)
MPRegen 0.11/turn               (no ring)

@: no status effects
A: no striking features
a: no special abilities


You were on level 1 of the Dungeon.
You visited 1 branch of the dungeon, and saw 1 of its levels.

You collected 25 gold pieces.

Inventory:

Hand Weapons
 d - a +0 whip
 e - a +0 dagger (weapon)
 j - a +0 sling
Missiles
 g - 6 silver javelins
Armour
 a - a +0 robe (worn)
Scrolls
 f - 2 scrolls of identify {unknown}
 i - a scroll of teleportation {unknown}
 k - a scroll of poison {unknown}
Potions
 b - a potion of magic
 c - a potion of lignification {unknown}
 h - 2 potions of brilliance {unknown}


   Skills:
 + Level 0.3 Fighting
 + Level 2.6 Dodging
 + Level 2.8 Stealth
 + Level 3.1 Spellcasting
 + Level 1.3 Conjurations
 + Level 3.1 Air Magic


You had 4 spell levels left.
You knew the following spells:

 Your Spells              Type           Power      Damage    Failure   Level
a - Shock                 Conj/Air       44%        1d5       6%          1
b - Static Discharge      Conj/Air       11%        3-5/arc   9%          2

Your spell library contained the following spells:

 Spells                   Type           Power      Damage    Failure   Level
 Swiftness                Air            14%        N/A       12%         3
 Airstrike                Air            7%         2d(1-17)  38%         4


Dungeon Overview and Level Annotations

Branches:
Dungeon (1/15)

Altars:


Message History

You see here a +0 sling.
j - a +0 sling
k - a scroll labelled JALUNA EHEDE You now have 25 gold pieces (gained 13).
A rat, a dart slug and a hobgoblin come into view.
The hobgoblin shouts!
The dart slug launches a dart at you. The slug dart hits you.
The hobgoblin barely misses you. The dart slug completely misses you.
You hit the dart slug.
The dart slug is lightly wounded.
The hobgoblin hits you. The dart slug closely misses you.
You hit the dart slug but do no damage.
The dart slug is lightly wounded.
The hobgoblin hits you.
You are too injured to fight recklessly!
Casting: Shock (safe; 6% risk of failure)
Confirm with . or Enter, or press ? or * to list all spells.
The dart slug is struck by an arc of lightning.
The dart slug is severely wounded.
You are struck by an arc of lightning.
The dart slug is struck by an arc of lightning.
The dart slug is almost dead.
The lightning grounds out.
The hobgoblin hits you.
* * * LOW HITPOINT WARNING * * *
The dart slug launches a dart at you. The slug dart misses you.
Casting: Static Discharge (safe; 9% risk of failure)
Confirm with . or Enter, or press ? or * to list all spells.
The dart slug is struck by an arc of lightning.
You kill the dart slug!
You are struck by an arc of lightning.
* * * LOW HITPOINT WARNING * * *
The hobgoblin is struck by an arc of lightning.
The hobgoblin is almost dead.
The lightning grounds out.
The hobgoblin is struck by an arc of lightning.
You kill the hobgoblin!
You are struck by an arc of lightning.
You die...

#########
........#########
.r..............#
#####..#######.#
#.@# #.# #††# #.#
#..# ##.## #..#
###...#
#..####...#.#
#...........#
#.#####.#.### #.
#.#.# #.#.#


There were no monsters in sight!

Vanquished Creatures
  A dart slug (D:1)
  4 ball pythons (D:1)
  An endoplasm (D:1)
  A goblin (D:1)
  2 hobgoblins (D:1)
  A kobold (D:1)
  A bat (D:1)
  2 frilled lizards (D:1)
  2 rats (D:1)
15 creatures vanquished.

Notes
Turn   | Place    | Note
-------+----------+-------------------------------------------
     0 | D:1      | croobank the Deep Elf Air Elementalist began the quest for
                  | the Orb.
     0 | D:1      | Reached XP level 1. HP: 10/10 MP: 6/6
   585 | D:1      | Reached XP level 2. HP: 15/15 MP: 1/8
   748 | D:1      | Learned a level 2 spell: Static Discharge
  1175 | D:1      | Killed from afar by themself

Illustrated notes

Levels and vault maps discovered:
D:1:      eino_arrival_cavern_a, layout_loops_ring, st_stairs_7,
          minmay_misc_feat_rugged, nicolae_figureground_sparkle

Action                   || total
-------------------------++-------
Melee: Dagger            ||     3
 Cast: Shock             ||    25
       Static Discharge  ||     1
Dodge: Dodged            ||    12
